 Seeded DCSS version 0.26.1-11-gd32895ea62 (webtiles) character file.

Game seed: 13325850497146390053 (custom seed)

402 Zeld the Slasher (level 7, 0/50 HPs)
             Began as a Human Gladiator on June 5, 2021.
             Was a Follower of the Shining One.
             Killed from afar by Sigmund (6 damage)
             ... with a magic dart
             ... on level 5 of the Dungeon.
             The game lasted 00:04:22 (4882 turns).

Zeld the Slasher (Human Gladiator)                  Turns: 4882, Time: 00:04:23

Health: 0/50       AC:  4    Str: 16    XL:     7   Next: 11%
Magic:  7/7        EV: 13    Int:  9    God:    the Shining One [*.....]
Gold:   106        SH:  0    Dex: 14    Spells: 6/6 levels left

rFire    . . .     SeeInvis .   a - +0 long sword
rCold    . . .     Faith    .   (no shield)
rNeg     . . .     Spirit   .   b - +0 leather armour
rPois    .         Reflect  .   c - +0 helmet
rElec    .         Harm     .   (no cloak)
rCorr    .         Rampage  .   (no gloves)
Will     .....                  (no boots)
Stlth    +.........             (no amulet)
HPRegen  0.16/turn              (no ring)
MPRegen  0.10/turn              (no ring)

@: lethally poisoned (0 -> -16), glowing
A: no striking features
a: Renounce Religion


You were on level 5 of the Dungeon.
You worshipped the Shining One.
The Shining One was aware of your devotion.
You visited 2 branches of the dungeon, and saw 6 of its levels.

You collected 106 gold pieces.

Inventory:

Hand Weapons
 a - a +0 long sword (weapon)
Missiles
 d - 3 throwing nets (quivered)
 t - 4 boomerangs
Armour
 b - a +0 leather armour (worn)
 c - a +0 helmet (worn)
Jewellery
 f - a cursed ring of teleportation {unknown}
 p - an uncursed ring of wizardry {unknown}
Scrolls
 e - 3 scrolls of teleportation {unknown}
 g - a scroll of magic mapping {unknown}
 h - 4 scrolls of identify {unknown}
 l - a scroll of immolation {unknown}
 n - a scroll of enchant armour {unknown}
 q - 2 scrolls of remove curse {unknown}
Potions
 i - 2 potions of cancellation {unknown}
 j - a potion of attraction {unknown}
 k - a potion of heal wounds {unknown}
 m - a potion of resistance {unknown}
 o - a potion of might {unknown}
 r - a potion of berserk rage {unknown}
 s - a potion of haste {unknown}
 u - a potion of curing {unknown}
 v - a potion of flight {unknown}


   Skills:
 - Level 2.0 Fighting
 * Level 7.5 Long Blades
 - Level 2.0 Throwing
 - Level 3.0 Dodging


You had 6 spell levels left.
You didn't know any spells.
Your spell library was empty.

Dungeon Overview and Level Annotations

Branches:
Dungeon (5/15)             Temple (1/1) D:4

Altars:
Ashenzari
Cheibriados
Dithmenos
Fedhas
Makhleb
Nemelex Xobeh
Okawaru
Qazlal
Sif Muna
Trog
Vehumet
Zin
The Shining One

Annotations:
D:5 Sigmund


Message History

Sigmund is moderately wounded.
You feel sick.
Sigmund hits you with a +0 scythe of venom!
You are more poisoned.
You are too injured to fight recklessly!
You barely miss Sigmund.
Sigmund is moderately wounded.
You feel sick.
You are too injured to fight recklessly!
You feel sick. Something hits you!
* * * LOW HITPOINT WARNING * * *
You are more poisoned.
Deactivating autopickup; reactivate with Ctrl-A.
* * * LOW HITPOINT WARNING * * *
You feel sick.
* * * LOW HITPOINT WARNING * * *
You feel sick.
A magic dart appears from out of thin air!
The magic dart hits you.
You die...

... .. #.. . #..
.# #..####### .#
#......##.# .#
#..#.#.##.## .#
#.....@....##.#
#.#.........(#
#........##.#
#....#...{...#.#
#.#....?....#.#.#
#.....(.......# #
###...........#
......##..##.#
##..#####.. .#


There were no monsters in sight!

Vanquished Creatures
  A sky beast (D:5)
  A howler monkey (D:5)
  A bullfrog zombie (D:5)
  A bullfrog skeleton (D:4)
  Terence (D:2)
  A hound skeleton (D:4)
  6 adders
  A shadow imp (D:5)
  An ooze (D:4)
  2 dart slugs
  5 leopard geckos
  3 orcs (D:4)
  2 ball pythons
  7 giant cockroaches
  7 goblins
  10 hobgoblins
  3 jackals (D:3)
  2 quokkas
  7 bats
  3 frilled lizards
  20 kobolds
  A quokka skeleton (D:4)
  10 rats
96 creatures vanquished.

Notes
Turn   | Place    | Note
-------+----------+-------------------------------------------
     0 | D:1      | Zeld the Human Gladiator began the quest for the Orb.
     0 | D:1      | Reached XP level 1. HP: 16/16 MP: 1/1
    50 | D:1      | Found a glowing golden altar of the Shining One.
    57 | D:1      | Became a worshipper of the Shining One
   260 | D:1      | Reached XP level 2. HP: 22/22 MP: 2/2
   696 | D:1      | Reached skill level 4 in Long Blades
   696 | D:1      | Reached XP level 3. HP: 27/27 MP: 3/3
  1485 | D:2      | Found an iron altar of Okawaru.
  1494 | D:2      | Reached XP level 4. HP: 33/33 MP: 4/4
  1669 | D:2      | Reached skill level 5 in Long Blades
  2156 | D:2      | Reached XP level 5. HP: 22/38 MP: 5/5
  2400 | D:2      | Noticed Terence
  2410 | D:2      | Killed Terence
  2640 | D:2      | You fall into a shaft and drop 2 floors!
  2641 | D:4      | Reached * piety under the Shining One
  2653 | D:4      | Found a shimmering blue altar of Sif Muna.
  2692 | D:4      | Reached skill level 6 in Long Blades
  3608 | D:3      | Reached XP level 6. HP: 44/44 MP: 6/6
  3752 | D:4      | Found a staircase to the Ecumenical Temple.
  3765 | Temple   | Entered the Ecumenical Temple
  4538 | D:4      | Found a broken altar of Ashenzari.
  4602 | D:5      | Entered Level 5 of the Dungeon
  4615 | D:5      | Reached skill level 7 in Long Blades
  4619 | D:5      | Noticed a sky beast
  4627 | D:5      | Killed a sky beast
  4627 | D:5      | Noticed Sigmund
  4628 | D:5      | Reached XP level 7. HP: 41/50 MP: 7/7
  4882 | D:5      | Killed from afar by Sigmund

Illustrated notes

Levels and vault maps discovered:
D:1:      elethiomel_arrival_quiet, layout_basic, tso_altar
D:2:      layout_loops_cross, okawaru_ov_weapons_minmay, st_stairs_10,
          minmay_goblin_kobold_house, uniq_terence
D:3:      layout_rooms
D:4:      layout_gridville, kennysheep_little_box,
          lemuel_coloured_pillars_altar, minmay_temple_entry_arrows
D:5:      layout_basic, yredelemnul_altar_generic, uniq_sigmund
Temple:   compressed_dpeg_triangle_lava_temple

Skill      XL: |  1  2  3  4  5  6 |
---------------+-------------------+-----
Long Blades    | 4 5 6 7 |  7.5
Fighting       | |  2.0
Throwing       | |  2.0
Dodging        | |  3.0

Action                   |  1- 3 |  4- 6 |  7- 9 || total
-------------------------+-------+-------+-------++-------
Melee: Long sword        |    85 |   166 |     9 ||   260
Armor: Leather armour    |    32 |    39 |     1 ||    72
Dodge: Dodged            |    79 |   118 |     6 ||   203
       Rpst.: Long sword |    21 |    33 |     1 ||    55
